 Dungeon Crawl Stone Soup version 0.30.1-9-gdf580d7c3d (webtiles) character file.

Game seed: 7499371504433266807

919 Peloso the Shield-Bearer (level 7, -2/52 (61) HPs)
             Began as a Minotaur Fighter on Oct 11, 2023.
             Slain by a wight
             ... wielding a +0 war axe
              (4 damage)
             ... on level 5 of the Dungeon.
             The game lasted 00:06:56 (4234 turns).

Peloso the Shield-Bearer (Minotaur Fighter)         Turns: 4234, Time: 00:06:56

HP:   -2/52 (61)    AC: 10    Str: 21    XL:     7   Next: 83%
MP:   6/6           EV:  6    Int:  5    God:
Gold: 268           SH: 18    Dex: 11    Spells: 6/6 levels left

rFire   + . .        a - +0 falchion (heavy)
rCold   + . .        d - +0 tower shield
rNeg    . . .        o - +0 chain mail
rPois   .            (helmet restricted)
rElec   .            f - scarf {rC+ rF+}
rCorr   .            (no gloves)
SInv    .            (no boots)
Will    .....        l - amulet of reflection Stlth
                     (no ring)
HPRegen 0.28/turn    (no ring)
MPRegen 0.10/turn

%: reflection
@: heavily drained
A: horns 2, retaliatory headbutt
a: no special abilities


You were on level 5 of the Dungeon.
You visited 1 branch of the dungeon, and saw 5 of its levels.

You collected 268 gold pieces.

Inventory:

Hand Weapons
 a - a +0 heavy falchion (weapon)
 b - a +1 dagger of flaming
Armour
 c - a +0 buckler
 d - a +0 tower shield (worn)
 f - a scarf of resistance (worn)
 n - a +1 scale mail
 o - a +0 chain mail (worn)
Jewellery
 h - a ring of magical power
 l - an amulet of reflection (around neck)
 q - a ring of resist corrosion
Wands
 m - a wand of digging (6)
Scrolls
 g - a scroll of silence {unknown}
 i - 2 scrolls of vulnerability {unknown}
 j - a scroll of enchant armour
 k - 11 scrolls of identify
 p - a scroll of noise {unknown}
Potions
 e - a potion of might


   Skills:
 + Level 5.1 Fighting
 + Level 6.4 Long Blades
 + Level 5.8 Armour
 + Level 2.5 Dodging
 + Level 0.5 Stealth
 + Level 6.8 Shields


You had 6 spell levels left.
You didn't know any spells.
Your spell library contained the following spells:

 Spells                   Type           Power      Damage    Failure   Level
 Slow                     Hex            0%         N/A       100%        1
 Confusing Touch          Hex            0%         N/A       100%        3
 Vampiric Draining        Necr           0%         2d6       100%        3


Dungeon Overview and Level Annotations

Branches:
Dungeon (5/15)
 Temple: D:4-7

Altars:
Fedhas
Hepliaklqana
Trog


Innate Abilities, Weirdness & Mutations

You have a pair of horns on your head.
You reflexively headbutt those who attack you in melee.


Message History

You headbutt the wight, but do no damage.
The wight is lightly damaged.
The wight hits you with a +0 war axe!
You feel drained. You block the wight's attack.
You hit the wight but do no damage.
The wight is lightly damaged.
You block the wight's attack. x2
You closely miss the wight. Your headbutt misses the wight.
The wight is lightly damaged.
The wight hits you with a +0 war axe.
You feel drained.
You closely miss the wight. Your headbutt misses the wight.
The wight is lightly damaged.
The wight hits you but does no damage. You block the wight's attack.
You hit the wight.
You headbutt the wight, but do no damage.
The wight is moderately damaged.
You block the wight's attack. The wight hits you with a +0 war axe!
You feel drained.
You hit the wight but do no damage. Your headbutt misses the wight.
The wight is moderately damaged.
The wight hits you with a +0 war axe!
You feel drained. You block the wight's attack.
You hit the wight.
The wight is heavily damaged.
You block the wight's attack. x2
You closely miss the wight.
The wight is heavily damaged.
The wight hits you with a +0 war axe.
* * * LOW HITPOINT WARNING * * *
Things that are here:
a +3 battleaxe of freezing; a +0 robe You hit the wight.
The wight is severely damaged.
You block the wight's attack. The wight hits you with a +0 war axe!
* * * LOW HITPOINT WARNING * * *
You feel drained.
* * * LOW HITPOINT WARNING * * *
Okay, then.
The wight attacks as you move away! The wight hits you with a +0 war axe.
You die...

########'#######...........# #
#...........##...........# #
#...........##...........####
#.......)...#####.....###....
#...........'...'.......'....
#...........#####.....###....
###...........# #.....# #....
#...........############# #....
#...........'.@zz.#### #....
#...........#####....######....
#.........#.# #.........##...)
#.........#.# #.........##....
#........##.## #.........##....
#........#...# #.........######
#........#...# #.........'...##
#........#...# #.........###...
#........#._.# #...............


You could see 2 wights.

Vanquished Creatures
  A phantom (D:5)
  3 wights (D:5)
  A jelly (D:4)
  5 hounds
  A gnoll bouda (D:5)
  An orc priest (D:5)
  A sleepcap (D:5)
  An iguana (D:5)
  4 orc wizards
  Ijyb (D:4)
  8 gnolls (D:5)
  8 adders
  An ufetubus (D:5)
  3 worms
  4 dart slugs
  18 orcs
  6 bats
  4 endoplasms
  4 giant cockroaches
  9 goblins
  2 hobgoblins
  5 jackals
  5 kobolds
  2 quokkas
  6 ball pythons
  3 frilled lizards
  5 rats
112 creatures vanquished.

Notes
Turn   | Place    | Note
-------+----------+-------------------------------------------
     0 | D:1      | Peloso the Minotaur Fighter began the quest for the Orb.
     0 | D:1      | Reached XP level 1. HP: 19/19 MP: 0/0
   125 | D:1      | Reached XP level 2. HP: 21/27 MP: 1/1
  1063 | D:2      | Reached XP level 3. HP: 16/33 MP: 2/2
  1396 | D:2      | Reached XP level 4. HP: 40/40 MP: 3/3
  1538 | D:2      | Found a hazy altar of Hepliaklqana.
  2391 | D:3      | Reached skill level 1 in Dodging
  2575 | D:4      | Noticed Ijyb
  2589 | D:4      | Killed Ijyb
  2590 | D:4      | Reached XP level 5. HP: 32/42 MP: 4/4
  2745 | D:4      | Reached skill level 5 in Armour
  2825 | D:4      | Reached skill level 5 in Long Blades
  2825 | D:4      | Reached XP level 6. HP: 35/53 MP: 5/5
  3300 | D:5      | Entered Level 5 of the Dungeon
  3345 | D:5      | Reached skill level 5 in Shields
  3546 | D:5      | Reached XP level 7. HP: 38/60 MP: 6/6
  3709 | D:5      | Found a blossoming altar of Fedhas.
  3876 | D:5      | Found a bloodstained altar of Trog.
  4216 | D:5      | Reached skill level 5 in Fighting
  4233 | D:5      | HP: 2/52 [wight/+0 war axe (4)]
  4234 | D:5      | Slain by a wight

Illustrated notes

Levels and vault maps discovered:
D:1:      elethiomel_arrival_quiet, layout_loops_corners, kennysheep_boxes
D:2:      layout_loops_cross, basic_altar
D:3:      layout_basic, minmay_fountain_box, fountainhead
D:4:      layout_loops_ring, hangedman_abyss_or_decor_slice, uniq_ijyb
D:5:      layout_basic, mainiacjoe_overflow_six_doors_small, trog_book

Skill      XL: |  1  2  3  4  5  6  7 |
---------------+----------------------+-----
Fighting       | 4 5 |  5.1
Shields        | 4 5 6 |  6.8
Armour         | 4 5 |  5.8
Long Blades    | 3 5 6 |  6.4
Dodging        | 1 2 |  2.5
Stealth        | |  0.5

Action                     |  1- 3 |  4- 6 |  7- 9 || total
---------------------------+-------+-------+-------++-------
  Melee: Long sword        |    68 |   186 |    26 ||   280
         Headbutt          |     7 |    35 |    15 ||    57
         Falchion          |       |       |    49 ||    49
    Use: Potion            |     3 |       |     2 ||     5
         Scroll            |       |     6 |       ||     6
 Armour: Scale mail        |    44 |    52 |       ||    96
         Chain mail        |       |    18 |    31 ||    49
  Dodge: Dodged            |    41 |    66 |    20 ||   127
  Block: Buckler           |    24 |     8 |       ||    32
         Tower shield      |       |   162 |    86 ||   248
         Reflection        |       |     1 |       ||     1
